 Dungeon Crawl Stone Soup version 0.26-a0-639-g72c4674 (webtiles) character file.

Game seed: 16400006640478093867

30 B1Gdaddy5 the Caller (level 3, 26/26 HPs)
             Began as a Hill Orc Summoner on Sept 20, 2020.
             Was a Follower of Zin (penitent).
             Quit the game on level 2 of the Dungeon.
             The game lasted 00:19:38 (1936 turns).

B1Gdaddy5 the Caller (Hill Orc Summoner)            Turns: 1936, Time: 00:19:39

Health: 26/26      AC:  2    Str: 10    XL:     3   Next: 20%
Magic:  1/5        EV: 12    Int: 16    God:    Zin [*]
Gold:   49         SH:  0    Dex: 11    Spells: 2/5 levels left

rFire    . . .     SeeInvis .   (no weapon)
rCold    . . .     Faith    .   (no shield)
rNeg     . . .     Spirit   .   a - +0 robe
rPois    .         Reflect  .   (no helmet)
rElec    .         Harm     .   (no cloak)
rCorr    .         Rampage  .   (no gloves)
MR       .....                  (no boots)
Stlth    ++........             (no amulet)
HPRegen  0.08/turn              (no ring)
MPRegen  0.09/turn              (no ring)

@: no status effects
A: no striking features
a: Donate Gold, Renounce Religion


You were on level 2 of the Dungeon.
You worshipped Zin.
Zin was demanding penance.
You visited 1 branch of the dungeon, and saw 2 of its levels.

You collected 54 gold pieces.
You donated 5 gold pieces to Zin.

Inventory:

Armour
 a - a +0 robe (worn)
Scrolls
 b - 2 scrolls of teleportation {unknown}
 c - 2 scrolls of enchant armour {unknown}
 e - a scroll of identify {unknown}
 g - a scroll of magic mapping {unknown}
 h - a scroll of noise {unknown}
 i - a scroll of enchant weapon {unknown}
Potions
 d - a potion of brilliance {unknown}
 f - a potion of haste {unknown}


   Skills:
 + Level 1.9 Dodging
 + Level 1.9 Stealth
 + Level 1.9 Spellcasting
 + Level 4.4 Summonings


You had 2 spell levels left.
You knew the following spells:

 Your Spells              Type           Power        Failure   Level
a - Summon Small Mammal   Summ           ###.         3%          1
b - Call Imp              Summ           ###.....     5%          2

Your spell library contained the following spells:

 Spells                   Type           Power        Failure   Level
 Call Canine Familiar     Summ           ###.....     11%         3
 Summon Guardian Golem    Hex/Summ       #.......     26%         3
 Summon Ice Beast         Ice/Summ       #.......     63%         4
 Summon Lightning Spire   Summ/Air       #.......     63%         4


Dungeon Overview and Level Annotations

Branches:
Dungeon (2/15)

Altars:
Zin


Message History

Casting: Summon Small Mammal (safe; 3% risk of failure)
Confirm with . or Enter, or press ? or * to list all spells.
Casting this spell will place you under penance.
Really cast?
A beastly little devil appears in a puff of flame.
You feel extremely guilty. "You will pay for your transgression, mortal!"
Your bat hits the hobgoblin.
The hobgoblin shouts!
Your bat barely misses the hobgoblin.
The hobgoblin hits your bat with a +0 club.
Your bat dies!
Your bat's corpse disappears in a puff of smoke!
Found a scale mail.
Save game and exit? [Y]es or [N]o only, please.
Save game and exit?
Welcome back, B1Gdaddy5 the Hill Orc Summoner.
Zin sternly explains the importance of proper burial practice.
Press ? for a list of commands and other information.
Are you sure you want to abandon this character and quit the game? (Confirm with "yes".)

#####.#...##...............#
#.........##.#####.........#
#.###..♣.♣...### #.........#
#.##.♣♣♣.♣♣....# #.........
#.##♣♣♣♣♣♣..♣♣.##
#.#.♣...♣♣♣♣♣...# .
#.#..♣♣.♣♣♣♣♣♣..# ...
#...♣♣.♣♣♣.♣♣...##[....
#....♣.♣♣.♣♣♣♣.@.b.....
#..♣.♣.♣.♣._♣..5#######
#...♣♣♣.♣♣♣.♣♣..#
##.♣.♣♣♣♣♣.♣♣♣..#
#....♣♣♣♣♣.♣♣..#
###.#...####...# #######
..g# #####


You could see a hobgoblin, a friendly crimson imp (summoned) and a friendly bat
(summoned).

Vanquished Creatures (collateral kills)
  A gnoll (D:1)
  An adder (D:2)
  A leopard gecko (D:1)
  4 bats (D:1)
  A giant cockroach (D:1)
  A goblin (D:1)
  4 hobgoblins (D:1)
  5 jackals (D:1)
  A quokka (D:2)
  4 frilled lizards
  6 kobolds (D:1)
  2 rats
31 creatures vanquished.

Notes
Turn   | Place    | Note
-------+----------+-------------------------------------------
     0 | D:1      | B1Gdaddy5 the Hill Orc Summoner began the quest for the
                  | Orb.
     0 | D:1      | Reached XP level 1. HP: 14/14 MP: 3/3
   313 | D:1      | Reached XP level 2. HP: 20/20 MP: 2/4
   339 | D:1      | Learned a level 2 spell: Call Imp
  1595 | D:2      | Reached XP level 3. HP: 26/26 MP: 2/5
  1875 | D:2      | Found a faded altar of an unknown god.
  1878 | D:2      | Became a worshipper of Zin the Law-Giver
  1878 | D:2      | Reached * piety under Zin
  1934 | D:2      | Was placed under penance by Zin
  1936 | D:2      | Quit the game

Illustrated notes

Levels and vault maps discovered:
D:1:      wander_arrival_lonely_grave, layout_basic
D:2:      mumra_celtic_spiral_tile, layout_basic,
          chequers_ecumenical_altar_grove

Action                   || total
-------------------------++-------
Melee: Unarmed           ||     1
 Cast: Summon Small Mamm ||    55
       Call Imp          ||     3
Armor: Robe              ||     9
Dodge: Dodged            ||    62

Table legend: (Time is in decaauts)
 A = Elapsed time spent in this place.
 B = Non-inter-level travel time spent in this place.
 C = Inter-level travel time spent in this place.
 D = Time resting spent in this place.
 E = Time spent auto-exploring this place.
 F = Levels seen in this place.
 G = Mean time per level.
                   A        B        C        D        E       F      G
               +--------+--------+--------+--------+--------+-----+--------+
         Total |   1935 |   1892 |     43 |    551 |    949 |   2 |  967.5 |
       Dungeon |   1935 |   1892 |     43 |    551 |    949 |   2 |  967.5 |
               +--------+--------+--------+--------+--------+-----+--------+

Top non-repeatable levels by time:
     D:1: 1588 daAuts
     D:2: 347 daAuts
